 Dungeon Crawl Stone Soup version 0.17-a0-2101-g0c122e7 (webtiles) character file.

4477 radek the Infuser (level 10, -10/51 HPs)
             Began as a Deep Elf Conjurer on Oct 18, 2015.
             Was a Follower of Vehumet.
             Mangled by a minotaur
             ... wielding the cursed +0 demon whip of the Unkillable {venom, rElec rF- rC+++ Int-4}
              (28 damage)
             ... in a labyrinth.
             The game lasted 01:11:15 (12417 turns).

radek the Infuser (Deep Elf Conjurer)              Turns: 12417, Time: 01:11:16

Health: -10/51     AC:  9    Str:  6    XL:     10   Next: 15%
Magic:  18/25      EV: 14    Int: 23    God:    Vehumet [*.....]
Gold:   414        SH:  0    Dex: 15    Spells: 2 memorised, 22 levels left

rFire  . . .     SeeInvis .     u - +3 short sword of Weci Biu {pain, rC+}
rCold  + . .     Clarity  .     H - +2 robe
rNeg   . . .     SustAt   .     (no shield)
rPois  .         Gourm    .     (no helmet)
rElec  .         Spirit   .     (no cloak)
rCorr  .         Warding  .     (no gloves)
rMut   .         Stasis   .     F - +0 pair of boots
MR     +....                    t - amulet of rage
Stlth  ++........               s - ring of flight
                                f - +4 ring of protection

@: lethally poisoned (-10 -> -44), somewhat resistant to hostile enchantments,
unstealthy
A: no striking features
a: Renounce Religion, Evoke Berserk Rage, Evoke Flight


You were in a labyrinth.
You worshipped Vehumet.
Vehumet was aware of your devotion.
You were hungry.

You visited 3 branches of the dungeon, and saw 10 of its levels.
You also visited: Labyrinth.

You collected 414 gold pieces.

Inventory:

Hand Weapons
 u - the +3 short sword of Weci Biu (weapon) {pain, rC+}
   (You found it on level 5 of the Dungeon)

   In the hands of one skilled in necromantic magic, it inflicts extra damage on
   living creatures.
   It protects you from cold.
 G - a +3 whip of freezing
 K - a +2 bardiche of protection
 L - a +2 flail of protection
Armour
 F - a +0 pair of boots (worn)
 H - a +2 robe (worn)
Jewellery
 f - a +4 ring of protection (left hand)
 s - a ring of flight (right hand)
 t - an amulet of rage (around neck)
 y - a cursed ring of teleportation
Wands
 v - a wand of polymorph (19)
 B - a wand of cold (5)
Scrolls
 h - 6 scrolls of remove curse
 j - a scroll of teleportation
 l - a scroll of magic mapping
 m - 3 scrolls of amnesia
 n - a scroll of random uselessness
 o - 7 scrolls of identify
 C - a scroll of recharging
 E - 2 scrolls of enchant armour
Potions
 a - a potion of degeneration {unknown}
 d - a potion of haste {unknown}
 e - 7 potions of curing
 g - a potion of cure mutation {unknown}
 i - a potion of brilliance {unknown}
 k - 2 potions of heal wounds
 p - a potion of flight {unknown}
 r - 2 potions of invisibility {unknown}
 x - a potion of ambrosia {unknown}
 z - a potion of berserk rage {unknown}
 A - 3 potions of agility {unknown}
 D - a potion of lignification {unknown}
Books
 b - a book of Conjurations

   Spells                             Type                      Level
   a - Magic Dart                     Conjuration                  1
   b - Searing Ray                    Conjuration                  2
   c - Dazzling Spray                 Conjuration/Hexes            3
   d - Fulminant Prism                Conjuration/Hexes            4
   e - Iskenderun's Mystic Blast      Conjuration                  4
   f - Iskenderun's Battlesphere      Conjuration/Charms           5
 M - a book of Geomancy

   Spells                             Type                      Level
   a - Sandblast                      Earth                        1
   b - Stoneskin                      Transmutation/Earth          2
   c - Passwall                       Transmutation/Earth          3
   d - Stone Arrow                    Conjuration/Earth            3
   e - Petrify                        Transmutation/Earth          4
   f - Lee's Rapid Deconstruction     Earth                        5
Comestibles
 c - 4 bread rations


   Skills:
 + Level 0.8 Fighting
 + Level 4.2 Dodging
 - Level 2.4 Stealth
 + Level 9.6 Spellcasting
 * Level 11.1 Conjurations
 - Level 11.7 Charms


You had 22 spell levels left.
You knew the following spells:

 Your Spells              Type           Power        Failure   Level  Hunger
a - Magic Dart            Conj           ####         1%          1    None
b - Iskenderun's Battles  Conj/Chrm      ######..     1%          5    ####...


Dungeon Overview and Level Annotations

Branches:
Dungeon (8/15)             Temple (1/1) D:4            Lair (1/8) D:8

Altars:
Ashenzari
Cheibriados
Dithmenos
Elyvilon
Fedhas
Gozag
Kikubaaqudgha
Makhleb
Nemelex Xobeh
Okawaru
Qazlal
Ru
Sif Muna
Trog
Vehumet
Xom
Yredelemnul
Zin
The Shining One

Shops:
D:5 :


Message History

Aiming: Magic Dart
Press: ? - help, Shift-Dir - straight line, f/p - minotaur
Aim: a minotaur, wielding a bloodstained demon whip {venom} and wearing a glowing scale mail (lightly wounded)
The magic dart hits the minotaur.
The minotaur is lightly wounded.
You feel sick.
Your battlesphere fires!
The barrage of energy hits the minotaur.
The minotaur is heavily wounded.
The minotaur hits you with a bloodstained demon whip {venom}!!
Ouch! That really hurt!
* * * LOW HITPOINT WARNING * * *
You are more poisoned.
The minotaur misses you.
Drink which item? (? for menu, Esc to quit)
You feel much better.
You feel very sick.
The minotaur hits you with a bloodstained demon whip {venom}!!
Ouch! That really hurt!
You die...

. ### # # ..# .
. . # # . . ..
.. # .### ##▓
▓▓▓ # . #.▓ ▓.#
# # #.▓▓▓▓▓▓▓.
# # # #
......#.#.#
.#...###*###.#
# # .
#...H@..#.#.. .
#
#.#######.#.#.#
# #.. ....#. .
.# #. ###.#.#..
# #.....#. #.
.#####. .#.# ..
. ..# # ### ##
. . #


You could see a minotaur.

Vanquished Creatures
  Pikel (D:5)
  2 komodo dragons (Lair:1)
  Prince Ribbit (D:6)
  2 yaks (D:8)
  A hippogriff (D:8)
  2 orc warriors
  A water moccasin (Lair:1)
  A necrophage (D:7)
  6 centaurs
  A sky beast (D:6)
  2 phantoms
  3 ogres
  A crocodile (D:8)
  3 giant frogs
  2 water moccasin zombies
  2 scorpions
  2 jellies
  5 wights (D:8)
  2 crimson imps
  3 giant frog zombies
  3 orc wizards
  A giant frog skeleton (D:7)
  2 hounds
  7 worker ants
  5 iguanas
  5 adders
  A river rat (D:8)
  3 gnolls (D:4)
  2 adder skeletons
  4 worms
  4 giant geckos
  14 orcs
  2 ball pythons
  8 bats
  3 giant cockroaches
  7 goblins
  5 hobgoblins
  2 jackals (D:8)
  A quokka (D:5)
  A giant gecko skeleton (D:6)
  8 giant newts
  2 jackal skeletons
  3 kobolds
  2 quokka skeletons
  11 rats
149 creatures vanquished.

Vanquished Creatures (collateral kills)
  An iguana (Lair:1)
1 creature vanquished.

Vanquished Creatures (others)
  A slave (D:6)
  An ogre (D:6)
  A giant frog (D:6)
  An iguana (D:6)
  An orc priest (D:6)
  2 orcs (D:6)
  2 fungi
9 creatures vanquished.

Grand Total: 159 creatures vanquished

Notes
Turn   | Place    | Note
--------------------------------------------------------------
     0 | D:1      | radek the Deep Elf Conjurer began the quest for the Orb.
     0 | D:1      | Reached XP level 1. HP: 10/10 MP: 6/6
   588 | D:1      | Reached XP level 2. HP: 15/15 MP: 1/8
   811 | D:1      | Reached skill level 5 in Conjurations
  1161 | D:2      | Found a white marble altar of Elyvilon.
  1842 | D:2      | Reached XP level 3. HP: 19/19 MP: 7/9
  2545 | D:3      | Found a faded altar to an unknown god.
  2736 | D:3      | Reached XP level 4. HP: 24/24 MP: 2/11
  2983 | D:4      | Reached skill level 6 in Conjurations
  3119 | D:4      | Found a snail-covered altar of Cheibriados.
  3121 | D:4      | Found an ancient bone altar of Kikubaaqudgha.
  3790 | D:4      | Noticed an ogre
  3796 | D:4      | Killed an ogre
  3796 | D:4      | Reached XP level 5. HP: 28/28 MP: 7/14
  3850 | D:4      | Learned a level 5 spell: Iskenderun's Battlesphere
  4001 | D:4      | Found a staircase to the Ecumenical Temple.
  4012 | Temple   | Entered the Ecumenical Temple
  4051 | Temple   | Became a worshipper of Vehumet
  4249 | D:4      | Noticed an ogre
  4256 | D:4      | Killed an ogre
  4256 | D:4      | Reached XP level 6. HP: 32/32 MP: 7/15
  4390 | D:5      | Entered Level 5 of the Dungeon
  4415 | D:5      | Found an opulent altar of Gozag.
  4700 | D:5      | Reached skill level 5 in Charms
  4992 | D:5      | Got a bloodstained short sword
  4993 | D:5      | Identified the +3 short sword of Weci Biu {pain, rC+} (You found it on level 5 of the Dungeon)
  5001 | D:5      | Found a shadowy altar of Dithmenos.
  5193 | D:5      | Found Ciaghy's Book Boutique.
  5361 | D:5      | Reached skill level 7 in Charms
  5361 | D:5      | Reached XP level 7. HP: 36/36 MP: 10/16
  5742 | D:5      | Reached skill level 8 in Charms
  5792 | D:6      | Noticed Pikel
  6295 | D:6      | Reached skill level 9 in Charms
  6307 | D:6      | Noticed Prince Ribbit
  6458 | D:5      | Killed Pikel
  6458 | D:5      | Reached skill level 11 in Charms
  6458 | D:5      | Reached XP level 8. HP: 18/41 MP: 0/17
  6793 | D:6      | Killed Prince Ribbit
  6793 | D:6      | Reached skill level 5 in Spellcasting
  7478 | D:6      | Found a stormy altar of Qazlal.
  7624 | D:6      | Found a bloodstained altar of Trog.
  7900 | D:7      | Reached XP level 9. HP: 37/46 MP: 8/20
  9106 | D:8      | HP: 1/46 [orc warrior/flail (20)]
  9939 | D:8      | Reached * piety under Vehumet
  9939 | D:8      | Offered knowledge of Freeze by Vehumet.
 10025 | D:8      | Found a staircase to the Lair.
 10036 | D:8      | Reached skill level 10 in Conjurations
 10810 | D:8      | Found a glowing golden altar of the Shining One.
 11163 | Lair:1   | Entered Level 1 of the Lair of Beasts
 11255 | Lair:1   | Noticed a komodo dragon
 11263 | Lair:1   | Killed a komodo dragon
 11263 | Lair:1   | Reached XP level 10. HP: 37/51 MP: 16/25
 11488 | Lair:1   | Noticed a komodo dragon
 11498 | Lair:1   | Killed a komodo dragon
 11585 | Lair:1   | Found a labyrinth entrance.
 11594 | Lab      | Entered a labyrinth
 12411 | Lab      | Noticed a minotaur
 12416 | Lab      | HP: 1/51 [minotaur/bloodstained demon whip {venom} (26)]
 12417 | Lab      | Identified the cursed +0 demon whip of the Unkillable {venom, rElec rF- rC+++ Int-4}
 12417 | Lab      | Mangled by a minotaur

Vault maps used:
D:1:      erik_arrival_cave_to_civilisation
D:2:      lemuel_doored_altar
D:3:      ecumenical_altar_1
D:4:      grunt_temple_overflow_open, temple_hall, serial_bayou_crossing
D:5:      grunt_dithmenos_smoke, serial_shops, shop, first_bread,
          grunt_gozag_statues
D:6:      overflow_temple_1_default, lightli_temple_of_fire,
          uniq_prince_ribbit1, uniq_pikel
D:8:      nicolae_whirlpool, tso_metal_star, due_lair_maze_entry_diamond
Temple:   circular_temple_pool_12
Lair:1:   lab_entry_generic, serial_bayou_shore_b
Lab:      labyrinth_mini_lab, labyrinth_skeletal_remains

Action                   |  1- 3 |  4- 6 |  7- 9 | 10-12 || total
-------------------------+-------+-------+-------+-------++-------
Melee: Dagger            |       |     1 |       |       ||     1
       Short sword       |       |       |     5 |       ||     5
 Cast: Magic Dart        |   110 |   104 |   310 |    29 ||   553
       Iskenderun's Batt |       |       |    25 |     2 ||    27
  Use: Potion            |       |     1 |     5 |     1 ||     7
       Scroll            |       |       |    12 |     1 ||    13
  Eat: Chunk             |     5 |     2 |     6 |       ||    13
       Meat ration       |       |     1 |     1 |       ||     2
       Beef jerky        |       |     1 |     1 |       ||     2
       Fruit             |       |       |     3 |       ||     3
       Bread ration      |       |       |     2 |       ||     2
       Royal jelly       |       |       |     1 |       ||     1
       Pizza             |       |       |       |     1 ||     1
